 Dungeon Crawl Stone Soup version 0.26-a0-1191-ge2a0e31ab3 (webtiles) character file.

Game seed: 17882875542408735494

25942 sahdkjhfkaj the Geomancer (level 13, -5/90 HPs)
             Began as a Gargoyle Earth Elementalist on Dec 28, 2020.
             Was an Initiate of Gozag.
             Slain by a meliai
             ... wielding a +0 hand axe
              (12 damage)
             ... on level 4 of the Lair of Beasts.
             The game lasted 00:51:46 (24788 turns).

sahdkjhfkaj the Geomancer (GrEE)                   Turns: 24788, Time: 00:51:46

Health: -5/90      AC: 13    Str: 13    XL:     13   Next: 22%
Magic:  7/33       EV: 29    Int: 20    God:    Gozag
Gold:   199        SH:  4    Dex: 10    Spells: 19/32 levels left

rFire    + . .     SeeInvis .   a - +5 rapier of Regicide {vorpal, rPois rC+ Stlth+}
rCold    + + .     Faith    .   L - +0 buckler
rNeg     + + .     Spirit   .   K - +2 robe {rF+}
rPois    ∞         Reflect  .   (no helmet)
rElec    +         Harm     .   (no cloak)
rCorr    .         Rampage  .   (no gloves)
Will     +....                  (no boots)
Stlth    +++++.....             p - amulet of the acrobat
HPRegen  0.00/turn              c - ring "Xajam" {rPois rC+ rN+ Will+ Slay+2}
MPRegen  0.23/turn              D - ring of magical power

@: about to teleport, acrobat
A: low mp 1, negative energy resistance 1, robust 1, electricity resistance,
inhibited regeneration, unbreathing, petrification resistance, miasma immunity,
AC +9
a: Renounce Religion, Potion Petition, Call Merchant, Bribe Branch


You were on level 4 of the Lair of Beasts.
You worshipped Gozag.
Gozag was aware of your devotion.
You visited 3 branches of the dungeon, and saw 16 of its levels.

You collected 3756 gold pieces.
You spent 730 gold pieces at shops.
You paid 2827 gold pieces to Gozag.

Inventory:

Hand Weapons
 a - the +5 rapier of Regicide (weapon) {vorpal, rPois rC+ Stlth+}
   (You found it on level 6 of the Dungeon)

   It inflicts extra damage upon your enemies.
   It protects you from cold.
   It protects you from poison.
   It makes you more stealthy.
Missiles
 b - 496 stones
 F - 6 throwing nets {!f}
Armour
 K - a +2 robe of fire resistance (worn)
 L - a +0 buckler (worn)
Jewellery
 c - the ring "Xajam" (left hand) {rPois rC+ rN+ Will+ Slay+2}
   (You bought it in a shop on level 6 of the Dungeon)

   [ring of positive energy]

   It affects your accuracy and damage with ranged weapons and melee attacks
   (+2).
   It protects you from cold.
   It protects you from poison.
   It protects you from negative energy.
   It affects your willpower, your defense against some magical effects.
 p - an amulet of the acrobat (around neck)
 x - a +6 ring of strength
 D - a ring of magical power (right hand)
 Q - a +6 ring of intelligence {unknown}
 S - an uncursed ring of protection from cold {unknown}
Wands
 m - a wand of random effects (34)
 B - a wand of paralysis (16)
 E - a wand of enslavement (11)
 N - a wand of iceblast (6)
Scrolls
 d - 3 scrolls of enchant weapon
 g - 3 scrolls of magic mapping
 h - 4 scrolls of amnesia
 i - 2 scrolls of remove curse
 k - a scroll of teleportation {!r}
 n - 5 scrolls of enchant armour
 s - 2 scrolls of fog
 v - 3 scrolls of fear
 y - 2 scrolls of blinking
 H - a scroll of vulnerability {unknown}
 I - a scroll of acquirement {unknown}
 J - 2 scrolls of immolation
 R - a scroll of summoning {!r}
Potions
 e - 3 potions of magic {unknown}
 j - 4 potions of curing
 l - 3 potions of lignification
 o - a potion of degeneration {unknown}
 q - a potion of invisibility
 r - 3 potions of heal wounds {unknown}
 t - a potion of berserk rage {unknown}
 u - 2 potions of resistance {unknown}
 w - a potion of ambrosia {unknown}
 z - 4 potions of might
 A - a potion of flight
 C - a potion of cancellation {unknown}
 G - 4 potions of mutation
 M - 2 potions of attraction {unknown}
 O - 2 potions of haste {unknown}
 P - 3 potions of brilliance {unknown}


   Skills:
 - Level 10.0 Fighting
 - Level 4.0 Short Blades
 - Level 5.0 Dodging
 - Level 10.0 Stealth
 - Level 4.0 Shields
 - Level 10.0 Spellcasting
 * Level 4.0 Conjurations
 - Level 3.0 Transmutations
 + Level 12.5 Earth Magic
 - Level 5.0 Evocations


You had 19 spell levels left.
You knew the following spells:

 Your Spells              Type           Power        Failure   Level
a - Sandblast             Erth           100%         1%          1
b - Stone Arrow           Conj/Erth      86%          1%          3
d - Petrify               Tmut/Erth      41%          2%          4
e - Lee's Rapid Deconstr  Erth           28%          1%          5

Your spell library contained the following spells:

 Spells                   Type           Power        Failure   Level
 Passwall                 Tmut/Erth      34%          1%          2
 Foxfire                  Conj/Fire      72%          3%          1
 Animate Skeleton         Necr           20%          7%          1
 Pain                     Necr           40%          7%          1
 Summon Small Mammal      Summ           40%          7%          1
 Conjure Flame            Conj/Fire      18%          9%          3
 Call Imp                 Summ           10%          11%         2
 Call Canine Familiar     Summ           10%          21%         3
 Inner Flame              Hex/Fire       10%          21%         3
 Summon Guardian Golem    Hex/Summ       10%          21%         3
 Vampiric Draining        Necr           5%           21%         3
 Sticky Flame             Conj/Fire      18%          30%         4
 Animate Dead             Necr           5%           56%         4
 Summon Ice Beast         Ice/Summ       10%          56%         4
 Summon Lightning Spire   Summ/Air       10%          56%         4
 Fireball                 Conj/Fire      9%           63%         5
 Agony                    Necr           10%          88%         5


Dungeon Overview and Level Annotations

Branches:
Dungeon (11/15)            Temple (1/1) D:4            Lair (4/6) D:11
 Spider (0/4) Lair:2          Orc (0/2) D:10
  Swamp: Lair:2-4    Shoals: Lair:2-4

Altars:
Ashenzari
Cheibriados
Dithmenos
Elyvilon
Fedhas
Gozag
Hepliaklqana
Kikubaaqudgha
Makhleb
Nemelex Xobeh
Okawaru
Qazlal
Ru
Sif Muna
Trog
Uskayaw
Vehumet
Wu Jian
Xom
Yredelemnul
Zin
The Shining One

Shops:
D:6 =[:   D:8 *   D:10 :   Lair:3 [

Annotations:
Lair:4 exclusion: oklob plant


Innate Abilities, Weirdness & Mutations

You are resistant to torment.
Your stone body is resilient. (AC +9)
You are immune to poison.
You resist negative energy. (rN+)
You are resistant to electric shocks. (rElec)
You can survive without breathing.
You are immune to petrification.
You are immune to miasma.
Your magical capacity is low. (-10% MP)
You are robust. (+10% HP)
You do not regenerate when monsters are visible.


Message History

The meliai stings you but does no damage.
The meliai invokes the aid of its god against you.
Something smites you!
* * * LOW HITPOINT WARNING * * *
The killer bee stings you.
* * * LOW HITPOINT WARNING * * *
You block the killer bee's attack. The meliai barely misses you.
The meliai completely misses you. The meliai hits you but does no damage.
The meliai misses you. The killer bee closely misses you.
The meliai calls down the wrath of its god upon you.
Something smites you!
* * * LOW HITPOINT WARNING * * *
The killer bee stings you but does no damage.
The meliai completely misses you.
The meliai stings you but does no damage.
The killer bee barely misses you. The killer bee closely misses you.
The meliai closely misses you. The meliai completely misses you.
The meliai hits you with a +0 hand axe!
You die...
Your body crumbles into a pile of gold.

..... ######.≈.P.≈$..≈.≈.#
...... ##..#.#.............#
#.....###.....#.............#
#.....###....#.$.#...#....##
#.....##..........#....#....
#..................#.##.#..#
#............y......#.....#.
#......<....y.yl.#.#.#.#.#/
##...........y@y....#..#...$
#......##......F...#..#.#..
#.....####..........#....#.
#......##.............#...
##....###P........#..#?$
##.....###.....####.#..
#........#.....### ###
...#....###......#.#####
........# #P.....#.....#


You could see a cane toad, a wyvern, 2 meliai and 3 killer bees.

Vanquished Creatures
  2 hydras (Lair:2)
  Harold (D:7)
  A catoblepas (Lair:2)
  Erica (D:8)
  2 two-headed ogres (D:10)
  A lindwurm (Lair:3)
  An ugly thing (D:11)
  An oklob plant (Lair:1)
  Psyche (D:8)
  A black mamba (Lair:1)
  A centaur zombie (D:10)
  5 cane toads
  4 rime drakes
  2 komodo dragons
  7 trolls
  A polar bear (Lair:3)
  3 jumping spiders (Lair:2)
  3 blink frogs (Lair:3)
  5 slime creatures (D:10)
  Grinder (D:5)
  A redback (Lair:2)
  3 wyverns
  16 yaks
  3 basilisks
  11 steam dragons (Lair:2)
  A soldier ant (D:10)
  An acid dragon (Lair:2)
  8 water moccasins
  7 orc warriors
  A sky beast (D:5)
  3 ice beasts
  4 phantoms
  8 ogres
  2 centaurs
  6 big kobolds (D:10)
  The ghost of Morgoth the Ducker, an amateur TeWr (D:3)
  9 bullfrogs
  3 gnoll sergeants (D:10)
  2 scorpions
  13 killer bees
  2 howler monkeys (D:9)
  4 wights (D:6)
  2 quasits
  A bullfrog zombie (D:9)
  4 hounds
  2 jellies
  A bullfrog skeleton (D:5)
  8 orc priests
  5 gnoll shamans
  3 iguanas (D:9)
  Jessica (D:4)
  A centaur skeleton (D:9)
  11 orc wizards
  4 worker ants
  A hound zombie (D:6)
  A hound skeleton (D:10)
  A worker ant zombie (D:11)
  50 gnolls
  9 adders
  2 shadow imps
  4 white imps
  3 ufetubi
  4 oozes
  An adder skeleton (D:9)
  2 worms
  3 dart slugs
  50 orcs
  2 giant cockroaches
  A goblin (D:3)
  6 hobgoblins
  18 jackals (D:6)
  3 quokkas
  4 bats
  4 frilled lizards
  5 kobolds
  A quokka zombie (D:7)
  6 rats
377 creatures vanquished.

Vanquished Creatures (others)
  5 dream sheep (D:6)
  23 fungi
  25 plants
53 creatures vanquished.

Grand Total: 430 creatures vanquished

Notes
Turn   | Place    | Note
-------+----------+-------------------------------------------
     0 | D:1      | sahdkjhfkaj the Gargoyle Earth Elementalist began the quest
                  | for the Orb.
     0 | D:1      | Reached XP level 1. HP: 10/10 MP: 3/3
   581 | D:1      | Reached XP level 2. HP: 15/15 MP: 3/5
   972 | D:2      | Reached skill level 1 in Transmutations
   987 | D:2      | Reached skill level 4 in Earth Magic
   987 | D:2      | Reached XP level 3. HP: 14/20 MP: 0/6
  1170 | D:2      | Reached skill level 1 in Fighting
  1562 | D:2      | Reached XP level 4. HP: 25/25 MP: 7/7
  1776 | D:2      | Reached skill level 5 in Earth Magic
  2234 | D:3      | Found a runed translucent gate.
  2273 | D:3      | Reached XP level 5. HP: 24/29 MP: 4/10
  2611 | D:3      | Learned a level 5 spell: Lee's Rapid Deconstruction
  3110 | D:3      | Found a runed translucent gate.
  3110 | D:3      | Found a runed translucent gate.
  3115 | D:3      | Noticed Morgoth's ghost (amateur TeWr)
  3349 | D:3      | Killed Morgoth's ghost
  3350 | D:3      | Reached skill level 5 in Spellcasting
  3350 | D:3      | Reached XP level 6. HP: 34/34 MP: 0/13
  3696 | D:4      | Found a staircase to the Ecumenical Temple.
  3748 | Temple   | Entered the Ecumenical Temple
  3947 | Temple   | Became a worshipper of Gozag Ym Sagoz the Greedy
  4279 | D:4      | Noticed Jessica
  4286 | D:4      | Killed Jessica
  4301 | D:4      | Found a shimmering blue altar of Sif Muna.
  4838 | D:4      | Learned a level 3 spell: Stone Arrow
  4839 | D:5      | Entered Level 5 of the Dungeon
  4855 | D:5      | Noticed a sky beast
  4867 | D:5      | Killed a sky beast
  4868 | D:5      | Reached skill level 1 in Conjurations
  4868 | D:5      | Reached XP level 7. HP: 35/40 MP: 3/14
  5231 | D:5      | Reached skill level 6 in Earth Magic
  5293 | D:5      | Noticed Grinder
  5300 | D:5      | Paralysed by Grinder for 3 turns
  5304 | D:5      | Killed Grinder
  5790 | D:6      | Found Bouxyd's Armour Shop.
  5872 | D:6      | Noticed a dream sheep
  5872 | D:6      | Noticed a dream sheep
  5872 | D:6      | Noticed a dream sheep
  5872 | D:6      | Noticed a dream sheep
  5872 | D:6      | Noticed a dream sheep
  5872 | D:6      | Found a shimmering altar of Xom.
  5876 | D:6      | Killed a dream sheep
  5876 | D:6      | Killed a dream sheep
  5876 | D:6      | Killed a dream sheep
  5878 | D:6      | Killed a dream sheep
  5878 | D:6      | Killed a dream sheep
  6120 | D:6      | Found Weudduq's Book Boutique.
  6169 | D:6      | Reached XP level 8. HP: 30/48 MP: 2/15
  6289 | D:6      | Reached skill level 7 in Earth Magic
  6469 | D:6      | Reached skill level 5 in Fighting
  6670 | D:6      | Reached skill level 8 in Earth Magic
  6936 | D:6      | Found Budiri's Jewellery Shop.
  6951 | D:6      | Got a translucent rapier
  6951 | D:6      | Identified the +5 rapier of Regicide {vorpal, rPois rC+
                  | Stlth+} (You found it on level 6 of the Dungeon)
  7628 | D:6      | Reached skill level 9 in Earth Magic
  8238 | D:6      | Reached skill level 10 in Earth Magic
  8238 | D:6      | Reached skill level 1 in Evocations
  8238 | D:6      | Reached XP level 9. HP: 54/54 MP: 7/16
  9186 | D:7      | Noticed Harold
  9534 | D:7      | Learned a level 4 spell: Petrify
  9569 | D:7      | Killed Harold
  9570 | D:7      | Reached skill level 5 in Evocations
  9572 | D:7      | Gained mutation: Your magical capacity is low. (-10% MP)
                  | [potion of mutation]
  9572 | D:7      | Gained mutation: You do not regenerate when monsters are
                  | visible. [potion of mutation]
  9572 | D:7      | Gained mutation: You are robust. (+10% HP) [potion of
                  | mutation]
 10077 | D:7      | You fall into a shaft and drop 3 floors!
 10077 | D:10     | Entered Level 10 of the Dungeon
 10081 | D:10     | Noticed a troll
 10088 | D:10     | Found a staircase to the Orcish Mines.
 10089 | D:10     | Noticed a troll
 10268 | D:10     | Noticed a troll
 10294 | D:10     | Killed a troll
 10295 | D:10     | Reached skill level 11 in Earth Magic
 10295 | D:10     | Reached XP level 10. HP: 35/64 MP: 1/15
 10495 | D:10     | Reached skill level 12 in Earth Magic
 10521 | D:10     | Noticed a two-headed ogre
 10714 | D:9      | Found a broken altar of Ashenzari.
 10909 | D:8      | HP: 1/64 [gnoll/+0 halberd (4)]
 11084 | D:8      | Noticed Psyche
 11100 | D:8      | Killed Psyche
 11101 | D:8      | Reached skill level 5 in Stealth
 11107 | D:8      | Noticed Erica
 11427 | D:7      | Got a twisted helmet
 11432 | D:7      | Identified the cursed +0 helmet "Zeyced" {rN++ Will- Str+4
                  | Int-4} (You found it on level 7 of the Dungeon)
 12091 | D:8      | Killed Erica
 12333 | D:8      | Found Zin's Purification Station.
 12335 | D:8      | Found a glowing silver altar of Zin.
 12592 | D:8      | Reached skill level 1 in Short Blades
 13063 | D:8      | Reached XP level 11. HP: 57/69 MP: 20/20
 14202 | D:9      | Got an encrusted trident
 14203 | D:9      | Identified the +1 trident "Jellybane" {freeze, rPois
                  | Stlth+} (You found it on level 9 of the Dungeon)
 14454 | D:9      | Found a sparkling altar of Nemelex Xobeh.
 14454 | D:9      | Found a snail-covered altar of Cheibriados.
 14454 | D:9      | Found an ancient bone altar of Kikubaaqudgha.
 14749 | D:10     | Killed a two-headed ogre
 15810 | D:6      | Bought the ring "Xajam" {rPois rC+ rN+ Will+ Slay+2} for
                  | 730 gold pieces
 16376 | D:10     | Noticed a two-headed ogre
 16440 | D:10     | Killed a two-headed ogre
 17760 | D:10     | Reached skill level 1 in Shields
 18554 | D:11     | Found a staircase to the Lair.
 18570 | D:11     | Noticed a brown ugly thing
 18606 | D:11     | Killed a brown ugly thing
 18607 | D:11     | Reached XP level 12. HP: 27/74 MP: 1/22
 19084 | Lair:1   | Entered Level 1 of the Lair of Beasts
 19673 | Lair:1   | Reached skill level 10 in Stealth
 19798 | Lair:1   | Reached skill level 10 in Spellcasting
 20357 | Lair:2   | Noticed an eight-headed hydra
 20410 | Lair:2   | Killed an eight-headed hydra
 20683 | Lair:2   | Noticed a catoblepas
 20708 | Lair:2   | Killed a catoblepas
 21067 | Lair:2   | Reached skill level 5 in Dodging
 21414 | Lair:2   | Noticed a four-headed hydra
 21426 | Lair:2   | Killed a four-headed hydra
 21950 | Lair:2   | Found a hole to the Spider Nest.
 22718 | Lair:3   | Found a stormy altar of Qazlal.
 22810 | Lair:3   | Reached XP level 13. HP: 88/88 MP: 17/24
 23344 | Lair:3   | Reached skill level 10 in Fighting
 24788 | Lair:4   | Slain by a meliai

Illustrated notes

Levels and vault maps discovered:
D:1:      ncdulo_wetmaze, layout_loops_ring
D:2:      layout_loops_cross, minmay_tetromino_o4
D:3:      layout_loops_ring, ebering_ghost_rock_garden, kennysheep_nondescript
D:4:      layout_cave_pods, tgw_sif, minmay_temple_entry_nine_rooms,
          minivault_24
D:5:      layout_cave_pools, grunt_decor_junction, uniq_grinder
D:6:      lemuel_castle_with_subvaults [lemuel_castle_interior_carwin_2],
          layout_basic, kb_xom_exploding_sheep, serial_shops,
          nicolae_shop_stone, nicolae_shop_competitors_out_of_business,
          nicolae_shop_window_shopping
D:7:      nicolae_whirlpool, layout_basic, uniq_harold
D:8:      wander_river, layout_cave_pools, zin_purify, minmay_diced_spiral,
          uniq_psyche, uniq_erica
D:9:      layout_basic, gammafunk_temple_overflow_claw,
          cheibrodos_ashenzari_chains
D:10:     layout_irregular_city, kennysheep_orc_monster_closet_entryway
D:11:     layout_rooms, lair_entry_dummy
Temple:   regret_index_temple_generic_petals
Lair:1:   layout_cave_pods, minmay_lair_oklob_chamber, lemuel_fruit_tree
Lair:2:   layout_regular_city, spider_nest_entry_funnel_web,
          bobbens_dragon_lair_wall
Lair:3:   layout_cave_pods, basic_altar, fungi_pond_lemuel
Lair:4:   regret_index_harrowing_hell_hive, layout_long_grid,
          minmay_swamp_entry_worms, minivault_25, beast_lair_carwin_5,
          serial_bayou_shore_a

Skill      XL: |  1  2  3  4  5  6  7  8  9 10 11 12 13 |
---------------+----------------------------------------+-----
Transmutations | 1 3 |  3.0
Dodging        | 2 5 |  5.0
Earth Magic    | 4 5 6 10 11 12 | 12.5
Fighting       | 1 2 4 5 9 10 | 10.0
Spellcasting   | 3 5 7 9 10 | 10.0
Conjurations   | 1 3 4 |  4.0
Evocations     | 1 5 |  5.0
Stealth        | 6 9 10 | 10.0
Short Blades   | 2 4 |  4.0
Shields        | 4 |  4.0

Action                   |  1- 3 |  4- 6 |  7- 9 | 10-12 | 13-15 || total
-------------------------+-------+-------+-------+-------+-------++-------
Melee: Unarmed           |    18 |       |    58 |       |       ||    76
       Rapier            |       |       |   108 |   381 |    49 ||   538
 Fire: Hand crossbow     |     7 |    65 |     2 |       |       ||    74
 Cast: Sandblast         |    30 |    38 |    43 |    21 |       ||   132
       Lee's Rapid Decon |       |     5 |    23 |    99 |    13 ||   140
       Stone Arrow       |       |       |    77 |    69 |    26 ||   172
       Petrify           |       |       |     9 |    91 |    17 ||   117
Invok: Call Merchant     |       |       |     1 |       |     1 ||     2
       Potion Petition   |       |       |       |     4 |       ||     4
Evoke: Wand              |       |       |     6 |       |       ||     6
  Use: Scroll            |     1 |     5 |     7 |    10 |     2 ||    25
       Potion            |       |       |     3 |     1 |       ||     4
 Stab: Petrified         |       |       |    24 |    59 |    11 ||    94
       Distracted        |       |       |     1 |     2 |       ||     3
       Petrifying        |       |       |       |     9 |     2 ||    11
       Sleeping          |       |       |       |    13 |     1 ||    14
Armor: Robe              |    10 |    11 |    79 |   151 |    31 ||   282
Dodge: Dodged            |    27 |    32 |   157 |   338 |    97 ||   651
Block: Buckler           |       |       |       |    25 |    20 ||    45

Table legend: (Time is in decaauts)
 A = Elapsed time spent in this place.
 B = Non-inter-level travel time spent in this place.
 C = Inter-level travel time spent in this place.
 D = Time resting spent in this place.
 E = Time spent auto-exploring this place.
 F = Levels seen in this place.
 G = Mean time per level.
                   A        B        C        D        E       F      G
               +--------+--------+--------+--------+--------+-----+--------+
         Total |  24914 |  23918 |    996 |   5113 |  14890 |  16 | 1557.1 |
       Dungeon |  18977 |  18193 |    784 |   4429 |  10677 |  11 | 1725.2 |
        Temple |    226 |    189 |     37 |      0 |    187 |   1 |  226.0 |
          Lair |   5710 |   5537 |    173 |    684 |   4026 |   4 | 1427.5 |
               +--------+--------+--------+--------+--------+-----+--------+

Top non-repeatable levels by time:
    D:10: 3656 daAuts
     D:6: 3252 daAuts
  Lair:2: 2380 daAuts
     D:7: 2000 daAuts
  Lair:3: 1875 daAuts
     D:9: 1783 daAuts
     D:8: 1774 daAuts
     D:3: 1460 daAuts
  Lair:1: 1240 daAuts
     D:2: 1129 daAuts
     D:4: 1096 daAuts
     D:5: 1004 daAuts
     D:1: 972 daAuts
    D:11: 846 daAuts
  Temple: 226 daAuts
